Predators vs Blue Jackets

Created - 18 février 2017 at 21:49

Goals
1 2 3 OT1 SO T
Predators 2 0 1 0 1 4
Blue Jackets 1 2 0 0 0 3
Shots
1 2 3 OT1 SO T
Predators 15 10 9 2 4 36
Blue Jackets 13 12 3 1 4 29

1st period

1. Blue Jackets , Jan Bulis 10 (Martin Havlat, Branislav Mezei) at 11:05
2. Predators , Ryan Kesler 25 (Byron Bitz) at 15:08
3. Predators , Alexander Edler 3 (Byron Bitz, Ryan Mcdonagh) at 19:19

Penalties :
John Moore (Nas) for Roughing (Minor) at 6:16

2nd period

4. Blue Jackets , Jason Ward 1 (Cory Emmerton, Branislav Mezei) at 9:07
5. Blue Jackets , Andreas Nodl 12 (Mike Lundin, François Beauchemin) at 10:04

Penalties :
Pavel Datsyuk (Clb) for Hooking (Minor) at 0:08, François Beauchemin (Clb) for Unsportsmanlike conduct (Minor) at 5:54, Mike Commodore (Clb) for Hooking (Minor) at 13:55

3rd period

6. Predators , Andy Miele 6 (James Van Riemsdyk) at 14:16

Penalties :
Brooks Orpik (Clb) for High sticking (Minor) at 12:10

Overtime #1

No Goal

Penalties :
No Penalty

Shootout

Penalty Shot by Alexander Ovechkin for Predators - Stopped by Rick DiPietro
Penalty Shot by Patric Hornqvist for Blue Jackets - Shot Misses the Net
Penalty Shot by Niclas Bergfors for Predators - Stopped by Rick DiPietro
Penalty Shot by Pavel Datsyuk for Blue Jackets - Stopped by Viktor Fasth
Penalty Shot by Ryan Kesler for Predators - Stopped by Rick DiPietro
Penalty Shot by Martin Havlat for Blue Jackets - Stopped by Viktor Fasth
Penalty Shot by Shane Doan for Predators - Goal!
Penalty Shot by Marcus Nilson for Blue Jackets - Stopped by Viktor Fasth

Penalties :
No Penalty

Goalie Stats

Viktor Fasth (Nas), 26 saves from 29 shots - (0,897), W, 14-6-1, 65:00 minutes
Rick DiPietro (Clb), 33 saves from 36 shots - (0,917), OTL, 21-18-2, 65:00 minutes

Players Stats for Predators

Player Name              G  A  P  +/- PIM S  H  SB GA TA FO     MP     PP MP  PK MP  
------------------------------------------------------------------------------------
Adam Burish              0  0  0   0  0   2  1  1  0  0  0/1    13:53   0:01   0:38 
Alexander Edler          1  0  1   0  0   5  1  0  0  1  0/0    26:03   3:32   1:03 
Alexander Ovechkin       0  0  0   0  0   4  2  1  1  1  0/3    24:37   4:26   0:13 
Alexander Steen          0  0  0   0  0   1  1  0  0  0  0/1    17:07   3:29   0:32 
Andy Miele               1  0  1   0  0   1  0  0  0  1  5/10   11:26   0:00   0:00 
Barret Jackman           0  0  0   0  0   0  0  4  0  0  1/1    16:49   0:00   0:30 
Brett Clark              0  0  0   0  0   1  0  0  1  1  0/0    14:48   0:00   0:52 
Byron Bitz               0  2  2   0  0   4  5  0  1  1  0/0    19:01   3:29   0:57 
Christian Ehrhoff        0  0  0  -1  0   1  1  0  0  1  0/0    18:57   3:15   1:01 
Frans Nielsen            0  0  0   0  0   3  2  1  0  1  6/15   18:36   0:00   0:03 
James Van Riemsdyk       0  1  1   0  0   2  0  0  0  1  0/1    13:30   0:01   0:00 
John Moore               0  0  0   0  2   0  1  0  0  1  0/0    23:01   4:24   0:00 
Kris Vernarsky           0  0  0   0  0   0  3  0  0  0  0/2    10:42   3:30   0:38 
Niclas Bergfors          0  0  0   0  0   3  1  0  0  0  1/2    24:17   4:26   0:00 
Ryan Kesler              1  0  1   0  0   6  0  1  1  0  13/26  19:47   4:26   0:57 
Ryan Mcdonagh            0  1  1   1  0   3  2  2  1  0  0/0    29:01   4:41   0:32 
Shane Doan               0  0  0   0  0   0  2  0  1  0  1/1     8:56   0:00   0:00 
Steve Begin              0  0  0   0  0   0  0  0  0  0  1/2     7:29   0:00   0:00 

Players Stats for Blue Jackets

Player Name              G  A  P  +/- PIM S  H  SB GA TA FO     MP     PP MP  PK MP  
------------------------------------------------------------------------------------
A.J Thelen               0  0  0   1  0   0  0  0  0  0  0/0     4:09   0:00   0:00 
Andreas Nodl             1  0  1   1  0   3  0  0  2  1  0/0    14:01   0:38   0:00 
Branislav Mezei          0  2  2  -1  0   3  2  3  0  1  0/0    29:49   1:14   4:26 
Brooks Orpik             0  0  0  -2  2   0  0  1  0  0  0/0    12:24   0:31   0:00 
Cory Emmerton            0  1  1   1  0   0  1  0  0  0  2/5    10:37   0:00   1:52 
Dave Steckel             0  0  0   1  0   1  0  0  0  0  5/8    14:36   0:40   0:36 
François Beauchemin      0  1  1   2  2   2  1  0  0  0  0/0    21:30   0:14   2:30 
Jan Bulis                1  0  1  -1  0   1  0  0  1  0  9/15   15:31   1:00   0:00 
Jason Ward               1  0  1   1  0   1  0  0  0  0  0/0     8:31   0:46   0:00 
Kevin Bieksa             0  0  0  -2  0   1  1  1  0  0  0/0    26:41   1:14   4:26 
Marcus Nilson            0  0  0   0  0   0  3  0  1  0  0/0    21:04   0:09   3:22 
Martin Havlat            0  1  1  -2  0   6  2  1  0  0  0/0    18:30   1:00   1:34 
Mike Commodore           0  0  0  -1  2   0  0  0  0  1  0/0    12:48   0:00   1:00 
Mike Lundin              0  1  1   2  0   0  0  0  2  1  0/0    23:03   0:45   3:30 
Mike York                0  0  0  -2  0   1  1  0  0  1  0/1    16:37   1:00   0:48 
Patric Hornqvist         0  0  0   1  0   1  1  0  2  1  11/12  28:11   0:09   4:24 
Pavel Datsyuk            0  0  0   0  2   8  1  0  1  0  10/24  21:41   0:09   3:16 
Tomas Kurka              0  0  0   1  0   1  1  0  0  0  0/0    12:17   0:26   0:00 

3 Stars

1 - Byron Bitz (Nas)
2 - Andreas Nodl (Clb)
3 - Jason Ward (Clb)

Power Play

Predators - 0 on 4 Attempt(s) - 0,00%
Blue Jackets - 0 on 1 Attempt(s) - 0,00%

Penalty Kill

Predators - 1 on 1 Attempt(s) - 100,00% - Score 0 goal in Penalty Kill
Blue Jackets - 4 on 4 Attempt(s) - 100,00% - Score 0 goal in Penalty Kill

Team Stat

Predators - Hits : 22 - Faceoff Wins : 28 - Blocked Shots : 10 - Penalty Minutes : 2
Blue Jackets - Hits : 14 - Faceoff Wins : 37 - Blocked Shots : 6 - Penalty Minutes : 8

Official

Referees : Banfield David and LaRue Dennis
Linesman : Brian Murphy and Darren Gibbs

Game Notes

No Game Note

Finance

Level 1 -- Attendance: 4753 (79,22%) -- Ticket Income 427 770 $
Level 2 -- Attendance: 4212 (84,24%) -- Ticket Income 231 660 $
Level 3 -- Attendance: 2000 (100,00%) -- Ticket Income 60 000 $
Level 4 -- Attendance: 3850 (96,25%) -- Ticket Income 77 000 $
Luxury Box -- Attendance: 758 (75,80%) -- Ticket Income 140 230 $
Game was played at the Ohio State Arena.
Total Attendance: 15573 (86,52%)
Total Ticket Income: 936 660 $
Other Income: 140 499 $
Total Income: 1 077 159 $

Predators

5 vs 5 Forward 
   Center                   Left Wing                Right Wing               Time % Phy DF OF 
 1 Frans Nielsen            Alexander Ovechkin       Niclas Bergfors          39     1   1  3  
 2 Ryan Kesler              Alexander Steen          Byron Bitz               31     1   2  2  
 3 Andy Miele               James Van Riemsdyk       Adam Burish              23     2   1  2  
 4 Kris Vernarsky           Steve Begin              Shane Doan               7      1   2  2  

5 vs 5 Defense 
   Defense                  Defense                                           Time % Phy DF OF 
 1 Alexander Edler          Ryan Mcdonagh                                     40     1   2  2  
 2 Christian Ehrhoff        John Moore                                        30     1   2  2  
 3 Barret Jackman           Brett Clark                                       20     1   2  2  
 4 Ryan Mcdonagh            John Moore                                        10     1   2  2  

PowerPlay Forward 
   Center                   Left Wing                Right Wing               Time % Phy DF OF 
 1 Ryan Kesler              Alexander Ovechkin       Niclas Bergfors          60     1   0  4  
 2 Kris Vernarsky           Alexander Steen          Byron Bitz               40     1   0  4  

PowerPlay Defense
   Defense                  Defense                                           Time % Phy DF OF 
 1 Ryan Mcdonagh            John Moore                                        60     1   1  3  
 2 Christian Ehrhoff        Alexander Edler                                   40     1   1  3  

Penalty Kill 4 Players Forward 
   Center                   Wing                     Time % Phy DF OF 
 1 Ryan Kesler              Byron Bitz               60     1   2  2  
 2 Frans Nielsen            Adam Burish              40     1   2  2  

Penalty Kill 4 Players Defense
   Defense                  Defense                  Time % Phy DF OF 
 1 Alexander Edler          Ryan Mcdonagh            60     1   1  3  
 2 Brett Clark              John Moore               40     1   1  3  

Penalty Kill - 3 Players Forward 
   Forward                                           Time % Phy DF OF 
 1 Ryan Kesler                                       60     1   2  2  
 2 Byron Bitz                                        40     1   2  2  

Penalty Kill - 3 Players Defense
   Defense                  Defense                  Time % Phy DF OF 
 1 Alexander Edler          Ryan Mcdonagh            60     1   1  3  
 2 Brett Clark              John Moore               40     1   1  3  

4 vs 4 Forward 
   Center                   Wing                     Time % Phy DF OF 
 1 Alexander Ovechkin       Niclas Bergfors          60     1   2  2  
 2 Ryan Kesler              Byron Bitz               40     1   2  2  

4 vs 4 Defense
   Defense                  Defense                  Time % Phy DF OF 
 1 Alexander Edler          Ryan Mcdonagh            60     1   2  2  
 2 Barret Jackman           John Moore               40     1   2  2  

Last Minutes Offensive
   Center                   Left Wing                Right Wing               Defense                  Defense                  
   Ryan Kesler              Alexander Ovechkin       Byron Bitz               Alexander Edler          Ryan Mcdonagh            

Last Minutes Defensive
   Center                   Left Wing                Right Wing               Defense                  Defense                  
   Frans Nielsen            Alexander Ovechkin       Byron Bitz               Ryan Mcdonagh            Brett Clark              

Goaltenders
Starting : Viktor Fasth             
Backup : Maxime Daigneault        

Extra Forwards
Normal : Adam Burish, James Van Riemsdyk, Shane Doan - PP : Adam Burish, James Van Riemsdyk - PK : Adam Burish
Extra Defensemen
Normal : Barret Jackman, Alexander Edler, John Moore - PP : Christian Ehrhoff - PK : John Moore, Christian Ehrhoff
Penalty Shots
Alexander Ovechkin, Niclas Bergfors, Ryan Kesler, Shane Doan, Alexander Steen

Blue Jackets

5 vs 5 Forward 
   Center                   Left Wing                Right Wing               Time % Phy DF OF 
 1 Pavel Datsyuk            Marcus Nilson            Patric Hornqvist         40     1   2  2  
 2 Jan Bulis                Mike York                Martin Havlat            30     1   2  2  
 3 Dave Steckel             Tomas Kurka              Andreas Nodl             20     1   2  2  
 4 Cory Emmerton            Patric Hornqvist         Jason Ward               10     1   2  2  

5 vs 5 Defense 
   Defense                  Defense                                           Time % Phy DF OF 
 1 Branislav Mezei          Kevin Bieksa                                      40     1   2  2  
 2 Mike Lundin              François Beauchemin                               30     1   2  2  
 3 Brooks Orpik             Mike Commodore                                    20     1   2  2  
 4 A.J Thelen               Branislav Mezei                                   10     1   2  2  

PowerPlay Forward 
   Center                   Left Wing                Right Wing               Time % Phy DF OF 
 1 Pavel Datsyuk            Marcus Nilson            Patric Hornqvist         60     1   2  2  
 2 Jan Bulis                Mike York                Martin Havlat            40     1   2  2  

PowerPlay Defense
   Defense                  Defense                                           Time % Phy DF OF 
 1 Branislav Mezei          Kevin Bieksa                                      60     1   2  2  
 2 Mike Lundin              François Beauchemin                               40     1   2  2  

Penalty Kill 4 Players Forward 
   Center                   Wing                     Time % Phy DF OF 
 1 Patric Hornqvist         Pavel Datsyuk            60     1   2  2  
 2 Martin Havlat            Marcus Nilson            40     1   2  2  

Penalty Kill 4 Players Defense
   Defense                  Defense                  Time % Phy DF OF 
 1 Branislav Mezei          Kevin Bieksa             60     1   2  2  
 2 Mike Lundin              François Beauchemin      40     1   2  2  

Penalty Kill - 3 Players Forward 
   Forward                                           Time % Phy DF OF 
 1 Patric Hornqvist                                  60     1   2  2  
 2 Pavel Datsyuk                                     40     1   2  2  

Penalty Kill - 3 Players Defense
   Defense                  Defense                  Time % Phy DF OF 
 1 Branislav Mezei          Kevin Bieksa             60     1   2  2  
 2 Mike Lundin              François Beauchemin      40     1   2  2  

4 vs 4 Forward 
   Center                   Wing                     Time % Phy DF OF 
 1 Patric Hornqvist         Pavel Datsyuk            60     1   2  2  
 2 Martin Havlat            Marcus Nilson            40     1   2  2  

4 vs 4 Defense
   Defense                  Defense                  Time % Phy DF OF 
 1 Branislav Mezei          Kevin Bieksa             60     1   2  2  
 2 Mike Lundin              François Beauchemin      40     1   2  2  

Last Minutes Offensive
   Center                   Left Wing                Right Wing               Defense                  Defense                  
   Pavel Datsyuk            Marcus Nilson            Patric Hornqvist         Branislav Mezei          Kevin Bieksa             

Last Minutes Defensive
   Center                   Left Wing                Right Wing               Defense                  Defense                  
   Pavel Datsyuk            Marcus Nilson            Patric Hornqvist         Branislav Mezei          Kevin Bieksa             

Goaltenders
Starting : Rick DiPietro            
Backup : Niklas Backstrom         

Extra Forwards
Normal : Dave Steckel, Andreas Nodl, Cory Emmerton - PP : Dave Steckel, Andreas Nodl - PK : Cory Emmerton
Extra Defensemen
Normal : Brooks Orpik, Mike Commodore, A.J Thelen - PP : Brooks Orpik - PK : Mike Commodore, A.J Thelen
Penalty Shots
Patric Hornqvist, Pavel Datsyuk, Martin Havlat, Marcus Nilson, Mike York

% Time on Ice - Predators

Lines # - Real PCT - Wanted PCT - Time Play
Normal Forward
1 - 36% - 39% - 18:05
2 - 27% - 31% - 13:26
3 - 23% - 23% - 11:26
4 - 14% - 7% - 7:08
Normal Defense
1 - 37% - 40% - 18:35
2 - 31% - 30% - 15:20
3 - 28% - 20% - 13:56
4 - 4% - 10% - 2:14
PP Forward
1 - 56% - 60% - 4:26
2 - 44% - 40% - 3:30
PP Defense
1 - 59% - 60% - 4:41
2 - 41% - 40% - 3:15
PK Forward
1 - 86% - 60% - 1:42
2 - 14% - 40% - 0:17
PK Defense
1 - 43% - 60% - 0:51
2 - 57% - 40% - 1:08
PK3 Forward
1 - 0% - 60%
2 - 0% - 40%
PK3 Defense
1 - 0% - 60%
2 - 0% - 40%
44 Forward
1 - 70% - 60% - 3:29
2 - 30% - 40% - 1:31
44 Defense
1 - 54% - 60% - 2:41
2 - 46% - 40% - 2:19
Last Minute Offensive  - 0:00
Last Minute Defensive  - 0:00
Total
Forward - 65:00
Defense - 65:00

% Time on Ice - Blue Jackets

Lines # - Real PCT - Wanted PCT - Time Play
Normal Forward
1 - 30% - 40% - 15:02
2 - 30% - 30% - 14:58
3 - 25% - 20% - 12:26
4 - 15% - 10% - 7:39
Normal Defense
1 - 36% - 40% - 18:07
2 - 34% - 30% - 16:53
3 - 24% - 20% - 11:57
4 - 6% - 10% - 3:08
PP Forward
1 - 35% - 60% - 0:42
2 - 65% - 40% - 1:17
PP Defense
1 - 62% - 60% - 1:14
2 - 38% - 40% - 0:45
PK Forward
1 - 80% - 60% - 6:22
2 - 20% - 40% - 1:34
PK Defense
1 - 56% - 60% - 4:26
2 - 44% - 40% - 3:30
PK3 Forward
1 - 0% - 60%
2 - 0% - 40%
PK3 Defense
1 - 0% - 60%
2 - 0% - 40%
44 Forward
1 - 75% - 60% - 3:45
2 - 25% - 40% - 1:15
44 Defense
1 - 58% - 60% - 2:54
2 - 42% - 40% - 2:06
Last Minute Offensive  - 0:00
Last Minute Defensive  - 0:00
Total
Forward - 65:00
Defense - 65:00

Play by Play

1st period


0:01 of 1st period - Frans Nielsen wins face-off versus Pavel Datsyuk in neutral zone.
0:54 of 1st period - Snap shot by James Van Riemsdyk.
0:54 of 1st period - Stopped by Rick DiPietro without a rebound.
0:55 of 1st period - Shane Doan wins face-off versus Cory Emmerton in Blue Jackets zone.
1:02 of 1st period - Snap shot by Shane Doan.
1:02 of 1st period - Deflect By Kris Vernarsky.
1:02 of 1st period - Shot Misses the Net.
1:02 of 1st period - Puck is out of play.
1:03 of 1st period - Cory Emmerton wins face-off versus Kris Vernarsky in Blue Jackets zone.
1:51 of 1st period - Slapshot by Byron Bitz.
1:51 of 1st period - Shot Misses the Net.
1:53 of 1st period - Wrist shot by Barret Jackman.
1:53 of 1st period - Shot Blocked by Kevin Bieksa.
2:01 of 1st period - Wrist shot by Ryan Kesler.
2:01 of 1st period - Shot Misses the Net.
4:04 of 1st period - Icing by Steve Begin.
4:05 of 1st period - Dave Steckel wins face-off versus Ryan Kesler in Predators zone.
4:16 of 1st period - Wrist shot by Dave Steckel.
4:16 of 1st period - Shot Misses the Net.
4:18 of 1st period - Snap shot by Andreas Nodl.
4:18 of 1st period - Deflect By Brett Clark.
4:18 of 1st period - Shot Misses the Net.
4:18 of 1st period - Puck is out of play.
4:19 of 1st period - Frans Nielsen wins face-off versus Pavel Datsyuk in Predators zone.
4:31 of 1st period - Icing by François Beauchemin.
4:32 of 1st period - Pavel Datsyuk wins face-off versus Frans Nielsen in Blue Jackets zone.
4:36 of 1st period - Icing by Patric Hornqvist.
4:37 of 1st period - Pavel Datsyuk wins face-off versus Frans Nielsen in Blue Jackets zone.
4:42 of 1st period - John Moore is hit by Marcus Nilson and loses puck.
5:17 of 1st period - Slapshot by Patric Hornqvist.
5:17 of 1st period - Shot Misses the Net.
6:16 of 1st period - Minor Penalty to John Moore for Roughing.
6:17 of 1st period - Ryan Kesler wins face-off versus Mike York in Predators zone.
6:29 of 1st period - Snap shot by Byron Bitz.
6:29 of 1st period - Shot Misses the Net.
6:55 of 1st period - Slapshot by Adam Burish.
6:55 of 1st period - Shot Misses the Net.
8:16 of 1st period - Penalty to John Moore is over, John Moore is back on ice.
8:54 of 1st period - Icing by Mike Commodore.
8:55 of 1st period - Steve Begin wins face-off versus Jan Bulis in Blue Jackets zone.
8:58 of 1st period - Snap shot by Shane Doan.
8:58 of 1st period - Shot Misses the Net.
9:03 of 1st period - Off-side.
9:04 of 1st period - Cory Emmerton wins face-off versus Ryan Kesler in neutral zone.
9:21 of 1st period - Mike Commodore is hit by Byron Bitz and loses puck.
9:43 of 1st period - Snap shot by Alexander Ovechkin.
9:43 of 1st period - Shot Misses the Net.
9:45 of 1st period - Slapshot by Ryan Mcdonagh.
9:45 of 1st period - Stopped by Rick DiPietro with a rebound.
10:03 of 1st period - Snap shot by Mike York.
10:03 of 1st period - Deflect By Martin Havlat.
10:03 of 1st period - Stopped by Viktor Fasth without a rebound.
10:04 of 1st period - Jan Bulis wins face-off versus Alexander Steen in Predators zone.
10:29 of 1st period - Wrist shot by Martin Havlat.
10:29 of 1st period - Stopped by Viktor Fasth with a rebound.
10:53 of 1st period - Wrist shot by Martin Havlat.
10:53 of 1st period - Stopped by Viktor Fasth with a rebound.
10:55 of 1st period - Slapshot by Branislav Mezei.
10:55 of 1st period - Stopped by Viktor Fasth with a rebound.
10:57 of 1st period - Snap shot by Mike York.
10:57 of 1st period - Shot Misses the Net.
10:59 of 1st period - Slapshot by Branislav Mezei.
10:59 of 1st period - Shot Blocked by Ryan Mcdonagh.
11:01 of 1st period - Slapshot by Branislav Mezei.
11:01 of 1st period - Shot Misses the Net.
11:03 of 1st period - Snap shot by Martin Havlat.
11:03 of 1st period - Shot Misses the Net.
11:05 of 1st period - Snap shot by Martin Havlat.
11:05 of 1st period - Deflect By Jan Bulis.
11:05 of 1st period - Goal by Jan Bulis - Predators : 0 - Blue Jackets : 1.
11:06 of 1st period - Andy Miele wins face-off versus Pavel Datsyuk in neutral zone.
11:09 of 1st period - Slapshot by Adam Burish.
11:09 of 1st period - Shot Misses the Net.
11:17 of 1st period - Wrist shot by Patric Hornqvist.
11:17 of 1st period - Deflect By Pavel Datsyuk.
11:17 of 1st period - Stopped by Viktor Fasth without a rebound.
11:18 of 1st period - Patric Hornqvist wins face-off versus Andy Miele in Predators zone.
11:33 of 1st period - Slapshot by Patric Hornqvist.
11:33 of 1st period - Shot Misses the Net.
11:50 of 1st period - Slapshot by Martin Havlat.
11:50 of 1st period - Stopped by Viktor Fasth with a rebound.
11:52 of 1st period - Slapshot by Branislav Mezei.
11:52 of 1st period - Shot Misses the Net.
12:26 of 1st period - Slapshot by Pavel Datsyuk.
12:26 of 1st period - Stopped by Viktor Fasth without a rebound.
12:27 of 1st period - Ryan Kesler wins face-off versus Pavel Datsyuk in Predators zone.
12:27 of 1st period - Ryan Kesler is hit by François Beauchemin.
12:37 of 1st period - Snap shot by Pavel Datsyuk.
12:37 of 1st period - Shot Misses the Net.
12:39 of 1st period - Snap shot by Pavel Datsyuk.
12:39 of 1st period - Stopped by Viktor Fasth with a rebound.
12:41 of 1st period - Slapshot by Patric Hornqvist.
12:41 of 1st period - Stopped by Viktor Fasth with a rebound.
13:57 of 1st period - Off-side.
13:58 of 1st period - Ryan Kesler wins face-off versus Jan Bulis in neutral zone.
14:15 of 1st period - Slapshot by Ryan Kesler.
14:15 of 1st period - Stopped by Rick DiPietro with a rebound.
14:17 of 1st period - Wrist shot by Alexander Edler.
14:17 of 1st period - Deflect By Byron Bitz.
14:17 of 1st period - Deflect By Martin Havlat.
14:17 of 1st period - Stopped by Rick DiPietro with a rebound.
14:19 of 1st period - Slapshot by Ryan Mcdonagh.
14:19 of 1st period - Stopped by Rick DiPietro with a rebound.
14:21 of 1st period - Slapshot by Ryan Mcdonagh.
14:21 of 1st period - Stopped by Rick DiPietro with a rebound.
14:23 of 1st period - Snap shot by Ryan Kesler.
14:23 of 1st period - Stopped by Rick DiPietro without a rebound.
14:24 of 1st period - Patric Hornqvist wins face-off versus Frans Nielsen in Blue Jackets zone.
14:24 of 1st period - Patric Hornqvist is hit by Frans Nielsen.
14:32 of 1st period - Snap shot by Pavel Datsyuk.
14:32 of 1st period - Stopped by Viktor Fasth without a rebound.
14:33 of 1st period - Patric Hornqvist wins face-off versus Frans Nielsen in Predators zone.
14:36 of 1st period - Backhand shot by Pavel Datsyuk.
14:36 of 1st period - Stopped by Viktor Fasth with a rebound.
14:38 of 1st period - Snap shot by Patric Hornqvist.
14:38 of 1st period - Deflect By Pavel Datsyuk.
14:38 of 1st period - Shot Misses the Net.
14:38 of 1st period - Puck is out of play.
14:39 of 1st period - Pavel Datsyuk wins face-off versus Frans Nielsen in Predators zone.
15:04 of 1st period - Slapshot by Alexander Edler.
15:04 of 1st period - Stopped by Rick DiPietro without a rebound.
15:05 of 1st period - Ryan Kesler wins face-off versus Jan Bulis in Blue Jackets zone.
15:06 of 1st period - Snap shot by Byron Bitz.
15:06 of 1st period - Shot Misses the Net.
15:08 of 1st period - Wrist shot by Byron Bitz.
15:08 of 1st period - Deflect By Ryan Kesler.
15:08 of 1st period - Goal by Ryan Kesler - Predators : 1 - Blue Jackets : 1.
15:09 of 1st period - Pavel Datsyuk wins face-off versus Frans Nielsen in neutral zone.
15:12 of 1st period - Alexander Edler is hit by Branislav Mezei and loses puck.
15:21 of 1st period - Snap shot by Niclas Bergfors.
15:21 of 1st period - Stopped by Rick DiPietro without a rebound.
15:22 of 1st period - Pavel Datsyuk wins face-off versus Andy Miele in Blue Jackets zone.
15:57 of 1st period - Backhand shot by Niclas Bergfors.
15:57 of 1st period - Deflect By Frans Nielsen.
15:57 of 1st period - Shot Misses the Net.
15:57 of 1st period - Puck is out of play.
15:58 of 1st period - Ryan Kesler wins face-off versus Jan Bulis in Blue Jackets zone.
16:01 of 1st period - Snap shot by Byron Bitz.
16:01 of 1st period - Stopped by Rick DiPietro without a rebound.
16:02 of 1st period - Jan Bulis wins face-off versus Ryan Kesler in Blue Jackets zone.
16:31 of 1st period - Snap shot by Frans Nielsen.
16:31 of 1st period - Shot Blocked by Brooks Orpik.
16:53 of 1st period - Snap shot by Adam Burish.
16:53 of 1st period - Stopped by Rick DiPietro with a rebound.
17:12 of 1st period - Wrist shot by Jan Bulis.
17:12 of 1st period - Shot Misses the Net.
17:14 of 1st period - Slapshot by Kevin Bieksa.
17:14 of 1st period - Shot Misses the Net.
17:24 of 1st period - Kris Vernarsky is hit by Marcus Nilson and loses puck.
17:31 of 1st period - Snap shot by Pavel Datsyuk.
17:31 of 1st period - Stopped by Viktor Fasth with a rebound.
18:02 of 1st period - Brett Clark is hit by Martin Havlat and loses puck.
18:29 of 1st period - Wrist shot by James Van Riemsdyk.
18:29 of 1st period - Shot Misses the Net.
18:31 of 1st period - Snap shot by James Van Riemsdyk.
18:31 of 1st period - Stopped by Rick DiPietro with a rebound.
18:49 of 1st period - Kevin Bieksa is hit by Byron Bitz and loses puck.
19:07 of 1st period - Off-side.
19:08 of 1st period - Jan Bulis wins face-off versus Ryan Kesler in neutral zone.
19:08 of 1st period - Martin Havlat is hit by Ryan Mcdonagh and loses puck.
19:19 of 1st period - Slapshot by Alexander Edler.
19:19 of 1st period - Goal by Alexander Edler - Predators : 2 - Blue Jackets : 1.
19:20 of 1st period - Pavel Datsyuk wins face-off versus Frans Nielsen in neutral zone.
19:59 of 1st period - Snap shot by Niclas Bergfors.
19:59 of 1st period - Stopped by Rick DiPietro without a rebound.
Goals for this period are 2 for Predators vs 1 for Blue Jackets.
Shots for this period are 15 for Predators vs 13 for Blue Jackets.

2nd period


0:01 of 2nd period - Ryan Kesler wins face-off versus Pavel Datsyuk in neutral zone.
0:06 of 2nd period - Snap shot by Alexander Edler.
0:06 of 2nd period - Stopped by Rick DiPietro with a rebound.
0:08 of 2nd period - Minor Penalty to Pavel Datsyuk for Hooking.
0:09 of 2nd period - Patric Hornqvist wins face-off versus Ryan Kesler in Blue Jackets zone.
0:40 of 2nd period - Slapshot by Alexander Steen.
0:40 of 2nd period - Shot Misses the Net.
0:42 of 2nd period - Slapshot by Alexander Edler.
0:42 of 2nd period - Stopped by Rick DiPietro with a rebound.
0:44 of 2nd period - Slapshot by Christian Ehrhoff.
0:44 of 2nd period - Stopped by Rick DiPietro without a rebound.
0:45 of 2nd period - Patric Hornqvist wins face-off versus Ryan Kesler in Blue Jackets zone.
2:08 of 2nd period - Penalty to Pavel Datsyuk is over, Pavel Datsyuk is back on ice.
2:22 of 2nd period - Wrist shot by Andreas Nodl.
2:22 of 2nd period - Stopped by Viktor Fasth with a rebound.
2:24 of 2nd period - Wrist shot by Branislav Mezei.
2:24 of 2nd period - Stopped by Viktor Fasth without a rebound.
2:25 of 2nd period - Andy Miele wins face-off versus Dave Steckel in Predators zone.
2:34 of 2nd period - Tomas Kurka is hit by Adam Burish and loses puck.
3:10 of 2nd period - Off-side.
3:11 of 2nd period - Frans Nielsen wins face-off versus Cory Emmerton in neutral zone.
3:22 of 2nd period - Slapshot by Niclas Bergfors.
3:22 of 2nd period - Stopped by Rick DiPietro without a rebound.
3:23 of 2nd period - Ryan Kesler wins face-off versus Pavel Datsyuk in Blue Jackets zone.
3:54 of 2nd period - Slapshot by Niclas Bergfors.
3:54 of 2nd period - Shot Blocked by Martin Havlat.
3:56 of 2nd period - Snap shot by Alexander Ovechkin.
3:56 of 2nd period - Shot Blocked by Branislav Mezei.
3:58 of 2nd period - Backhand shot by Alexander Ovechkin.
3:58 of 2nd period - Stopped by Rick DiPietro without a rebound.
3:59 of 2nd period - Ryan Kesler wins face-off versus Pavel Datsyuk in Blue Jackets zone.
4:25 of 2nd period - Icing by Patric Hornqvist.
4:26 of 2nd period - Jan Bulis wins face-off versus Frans Nielsen in Blue Jackets zone.
4:26 of 2nd period - Jan Bulis is hit by Alexander Ovechkin.
4:34 of 2nd period - Wrist shot by Frans Nielsen.
4:34 of 2nd period - Stopped by Rick DiPietro with a rebound.
4:36 of 2nd period - Wrist shot by Alexander Ovechkin.
4:36 of 2nd period - Stopped by Rick DiPietro without a rebound.
4:37 of 2nd period - Frans Nielsen wins face-off versus Pavel Datsyuk in Blue Jackets zone.
4:42 of 2nd period - Snap shot by Frans Nielsen.
4:42 of 2nd period - Stopped by Rick DiPietro without a rebound.
4:43 of 2nd period - Pavel Datsyuk wins face-off versus Frans Nielsen in Blue Jackets zone.
4:54 of 2nd period - Backhand shot by Pavel Datsyuk.
4:54 of 2nd period - Shot Blocked by Frans Nielsen.
4:56 of 2nd period - Slapshot by Pavel Datsyuk.
4:56 of 2nd period - Shot Misses the Net.
5:25 of 2nd period - Wrist shot by Alexander Ovechkin.
5:25 of 2nd period - Shot Blocked by Branislav Mezei.
5:37 of 2nd period - Wrist shot by Alexander Ovechkin.
5:37 of 2nd period - Deflect By Niclas Bergfors.
5:37 of 2nd period - Shot Misses the Net.
5:37 of 2nd period - Puck is out of play.
5:38 of 2nd period - Jan Bulis wins face-off versus Ryan Kesler in Blue Jackets zone.
5:49 of 2nd period - Wrist shot by Mike York.
5:49 of 2nd period - Stopped by Viktor Fasth without a rebound.
5:50 of 2nd period - Ryan Kesler wins face-off versus Jan Bulis in Predators zone.
5:54 of 2nd period - Minor Penalty to François Beauchemin for Unsportsmanlike conduct.
5:55 of 2nd period - Patric Hornqvist wins face-off versus Ryan Kesler in Blue Jackets zone.
6:03 of 2nd period - Slapshot by John Moore.
6:03 of 2nd period - Shot Misses the Net.
6:21 of 2nd period - Martin Havlat is hit by Kris Vernarsky and loses puck.
6:30 of 2nd period - Slapshot by Alexander Edler.
6:30 of 2nd period - Stopped by Rick DiPietro without a rebound.
6:31 of 2nd period - Pavel Datsyuk wins face-off versus Ryan Kesler in Blue Jackets zone.
7:05 of 2nd period - Snap shot by Byron Bitz.
7:05 of 2nd period - Stopped by Rick DiPietro with a rebound.
7:07 of 2nd period - Snap shot by Kris Vernarsky.
7:07 of 2nd period - Shot Misses the Net.
7:54 of 2nd period - Penalty to François Beauchemin is over, François Beauchemin is back on ice.
7:59 of 2nd period - Slapshot by Andreas Nodl.
7:59 of 2nd period - Stopped by Viktor Fasth without a rebound.
8:00 of 2nd period - Dave Steckel wins face-off versus Andy Miele in Predators zone.
9:07 of 2nd period - Wrist shot by Jason Ward.
9:07 of 2nd period - Deflect By Ryan Kesler.
9:07 of 2nd period - Goal by Jason Ward - Predators : 2 - Blue Jackets : 2.
9:08 of 2nd period - Pavel Datsyuk wins face-off versus Ryan Kesler in neutral zone.
9:11 of 2nd period - Slapshot by Ryan Kesler.
9:11 of 2nd period - Shot Misses the Net.
9:19 of 2nd period - Snap shot by Pavel Datsyuk.
9:19 of 2nd period - Shot Blocked by Ryan Kesler.
9:35 of 2nd period - Jan Bulis is hit by Alexander Edler and loses puck.
10:04 of 2nd period - Slapshot by Andreas Nodl.
10:04 of 2nd period - Goal by Andreas Nodl - Predators : 2 - Blue Jackets : 3.
10:05 of 2nd period - Ryan Kesler wins face-off versus Pavel Datsyuk in neutral zone.
10:30 of 2nd period - Alexander Ovechkin is hit by Kevin Bieksa and loses puck.
12:09 of 2nd period - Icing by Alexander Edler.
12:10 of 2nd period - Dave Steckel wins face-off versus Andy Miele in Predators zone.
12:13 of 2nd period - Slapshot by François Beauchemin.
12:13 of 2nd period - Stopped by Viktor Fasth with a rebound.
12:15 of 2nd period - Slapshot by François Beauchemin.
12:15 of 2nd period - Stopped by Viktor Fasth without a rebound.
12:16 of 2nd period - Andy Miele wins face-off versus Pavel Datsyuk in Predators zone.
12:41 of 2nd period - François Beauchemin is hit by Alexander Steen and loses puck.
13:31 of 2nd period - Branislav Mezei is hit by Shane Doan and loses puck.
13:55 of 2nd period - Minor Penalty to Mike Commodore for Hooking.
13:56 of 2nd period - Patric Hornqvist wins face-off versus Ryan Kesler in Blue Jackets zone.
14:03 of 2nd period - Wrist shot by Pavel Datsyuk.
14:03 of 2nd period - Stopped by Viktor Fasth with a rebound.
15:55 of 2nd period - Penalty to Mike Commodore is over, Mike Commodore is back on ice.
16:09 of 2nd period - Brooks Orpik is hit by Christian Ehrhoff and loses puck.
16:23 of 2nd period - Off-side.
16:24 of 2nd period - Dave Steckel wins face-off versus Steve Begin in neutral zone.
16:26 of 2nd period - Off-side.
16:27 of 2nd period - Frans Nielsen wins face-off versus Dave Steckel in neutral zone.
17:03 of 2nd period - Slapshot by Branislav Mezei.
17:03 of 2nd period - Shot Blocked by Barret Jackman.
17:05 of 2nd period - Slapshot by Dave Steckel.
17:05 of 2nd period - Stopped by Viktor Fasth with a rebound.
17:07 of 2nd period - Slapshot by Branislav Mezei.
17:07 of 2nd period - Shot Blocked by Barret Jackman.
17:46 of 2nd period - Wrist shot by Andreas Nodl.
17:46 of 2nd period - Shot Misses the Net.
17:48 of 2nd period - Snap shot by Dave Steckel.
17:48 of 2nd period - Shot Misses the Net.
17:50 of 2nd period - Wrist shot by Dave Steckel.
17:50 of 2nd period - Shot Misses the Net.
17:52 of 2nd period - Slapshot by Kevin Bieksa.
17:52 of 2nd period - Stopped by Viktor Fasth with a rebound.
17:54 of 2nd period - Snap shot by Tomas Kurka.
17:54 of 2nd period - Stopped by Viktor Fasth without a rebound.
17:55 of 2nd period - Ryan Kesler wins face-off versus Pavel Datsyuk in Predators zone.
19:30 of 2nd period - Cory Emmerton is hit by Byron Bitz and loses puck.
Goals for this period are 0 for Predators vs 2 for Blue Jackets.
Shots for this period are 10 for Predators vs 12 for Blue Jackets.

3rd period


0:01 of 3rd period - Frans Nielsen wins face-off versus Pavel Datsyuk in neutral zone.
0:12 of 3rd period - Snap shot by Alexander Ovechkin.
0:12 of 3rd period - Stopped by Rick DiPietro without a rebound.
0:13 of 3rd period - Pavel Datsyuk wins face-off versus Niclas Bergfors in Blue Jackets zone.
0:38 of 3rd period - Alexander Ovechkin is hit by Tomas Kurka and loses puck.
1:11 of 3rd period - Wrist shot by Ryan Kesler.
1:11 of 3rd period - Stopped by Rick DiPietro with a rebound.
1:22 of 3rd period - François Beauchemin is hit by John Moore and loses puck.
1:51 of 3rd period - Andreas Nodl is hit by Kris Vernarsky and loses puck.
1:56 of 3rd period - Wrist shot by Shane Doan.
1:56 of 3rd period - Shot Misses the Net.
2:12 of 3rd period - Slapshot by Byron Bitz.
2:12 of 3rd period - Shot Misses the Net.
2:14 of 3rd period - Snap shot by Ryan Kesler.
2:14 of 3rd period - Deflect By Patric Hornqvist.
2:14 of 3rd period - Stopped by Rick DiPietro with a rebound.
2:21 of 3rd period - Icing by Patric Hornqvist.
2:22 of 3rd period - Andy Miele wins face-off versus Cory Emmerton in Blue Jackets zone.
2:44 of 3rd period - Barret Jackman is hit by Branislav Mezei and loses puck.
4:09 of 3rd period - Cory Emmerton is hit by Alexander Ovechkin and loses puck.
4:26 of 3rd period - Wrist shot by Alexander Ovechkin.
4:26 of 3rd period - Shot Blocked by Branislav Mezei.
4:28 of 3rd period - Snap shot by Brett Clark.
4:28 of 3rd period - Stopped by Rick DiPietro with a rebound.
4:44 of 3rd period - Brett Clark is hit by Patric Hornqvist and loses puck.
5:29 of 3rd period - Slapshot by Niclas Bergfors.
5:29 of 3rd period - Shot Misses the Net.
5:31 of 3rd period - Snap shot by Alexander Ovechkin.
5:31 of 3rd period - Stopped by Rick DiPietro without a rebound.
5:32 of 3rd period - Ryan Kesler wins face-off versus Jan Bulis in Blue Jackets zone.
5:37 of 3rd period - Snap shot by Alexander Steen.
5:37 of 3rd period - Stopped by Rick DiPietro with a rebound.
5:39 of 3rd period - Wrist shot by Ryan Kesler.
5:39 of 3rd period - Stopped by Rick DiPietro without a rebound.
5:40 of 3rd period - Jan Bulis wins face-off versus Ryan Kesler in Blue Jackets zone.
6:11 of 3rd period - Slapshot by Mike Lundin.
6:11 of 3rd period - Shot Misses the Net.
7:27 of 3rd period - Dave Steckel is hit by Byron Bitz and loses puck.
7:45 of 3rd period - Mike Lundin is hit by Ryan Mcdonagh and loses puck.
8:03 of 3rd period - Mike York is hit by Shane Doan and loses puck.
9:41 of 3rd period - Icing by Dave Steckel.
9:42 of 3rd period - Barret Jackman wins face-off versus Pavel Datsyuk in Blue Jackets zone.
10:00 of 3rd period - Icing by Mike Commodore.
10:01 of 3rd period - Jan Bulis wins face-off versus Kris Vernarsky in Blue Jackets zone.
10:01 of 3rd period - Jan Bulis is hit by Kris Vernarsky.
10:38 of 3rd period - Andy Miele is hit by Mike York.
12:08 of 3rd period - Snap shot by Frans Nielsen.
12:08 of 3rd period - Stopped by Rick DiPietro with a rebound.
12:10 of 3rd period - Minor Penalty to Brooks Orpik for High sticking.
12:11 of 3rd period - Ryan Kesler wins face-off versus Patric Hornqvist in Blue Jackets zone.
14:10 of 3rd period - Penalty to Brooks Orpik is over, Brooks Orpik is back on ice.
14:16 of 3rd period - Slapshot by Andy Miele.
14:16 of 3rd period - Goal by Andy Miele - Predators : 3 - Blue Jackets : 3.
14:17 of 3rd period - Jan Bulis wins face-off versus Andy Miele in neutral zone.
14:22 of 3rd period - Slapshot by Mike York.
14:22 of 3rd period - Shot Misses the Net.
14:32 of 3rd period - Adam Burish is hit by Martin Havlat and loses puck.
15:13 of 3rd period - Snap shot by Pavel Datsyuk.
15:13 of 3rd period - Stopped by Viktor Fasth without a rebound.
15:14 of 3rd period - Jan Bulis wins face-off versus James Van Riemsdyk in Predators zone.
15:15 of 3rd period - Snap shot by Mike York.
15:15 of 3rd period - Shot Blocked by Adam Burish.
15:39 of 3rd period - Dave Steckel is hit by Frans Nielsen and loses puck.
15:44 of 3rd period - Snap shot by Niclas Bergfors.
15:44 of 3rd period - Shot Misses the Net.
16:06 of 3rd period - Kevin Bieksa is hit by Byron Bitz and loses puck.
16:31 of 3rd period - Snap shot by Jan Bulis.
16:31 of 3rd period - Shot Blocked by Barret Jackman.
16:33 of 3rd period - Wrist shot by Mike York.
16:33 of 3rd period - Shot Misses the Net.
16:35 of 3rd period - Slapshot by Branislav Mezei.
16:35 of 3rd period - Stopped by Viktor Fasth without a rebound.
16:36 of 3rd period - Andy Miele wins face-off versus Dave Steckel in Predators zone.
16:57 of 3rd period - Wrist shot by Adam Burish.
16:57 of 3rd period - Shot Misses the Net.
17:29 of 3rd period - Snap shot by Martin Havlat.
17:29 of 3rd period - Stopped by Viktor Fasth with a rebound.
19:24 of 3rd period - Off-side.
19:25 of 3rd period - Dave Steckel wins face-off versus Adam Burish in neutral zone.
Goals for this period are 1 for Predators vs 0 for Blue Jackets.
Shots for this period are 9 for Predators vs 3 for Blue Jackets.

Overtime #1


0:01 of 1st overtime period - Patric Hornqvist wins face-off versus Alexander Ovechkin in neutral zone.
0:08 of 1st overtime period - Snap shot by Patric Hornqvist.
0:08 of 1st overtime period - Shot Hit the Post.
0:10 of 1st overtime period - Wrist shot by Pavel Datsyuk.
0:10 of 1st overtime period - Shot Misses the Net.
0:12 of 1st overtime period - Snap shot by Patric Hornqvist.
0:12 of 1st overtime period - Shot Blocked by Ryan Mcdonagh.
0:14 of 1st overtime period - Wrist shot by Branislav Mezei.
0:14 of 1st overtime period - Shot Blocked by Alexander Ovechkin.
0:16 of 1st overtime period - Slapshot by Pavel Datsyuk.
0:16 of 1st overtime period - Shot Misses the Net.
0:26 of 1st overtime period - Alexander Edler is hit by Pavel Datsyuk and loses puck.
2:05 of 1st overtime period - Byron Bitz is hit by Cory Emmerton and loses puck.
2:30 of 1st overtime period - Icing by Alexander Ovechkin.
2:31 of 1st overtime period - Niclas Bergfors wins face-off versus Pavel Datsyuk in Predators zone.
2:50 of 1st overtime period - Niclas Bergfors is hit by Marcus Nilson and loses puck.
2:57 of 1st overtime period - Snap shot by Martin Havlat.
2:57 of 1st overtime period - Stopped by Viktor Fasth without a rebound.
2:58 of 1st overtime period - Patric Hornqvist wins face-off versus Alexander Ovechkin in Predators zone.
3:11 of 1st overtime period - Wrist shot by Byron Bitz.
3:11 of 1st overtime period - Stopped by Rick DiPietro without a rebound.
3:12 of 1st overtime period - Patric Hornqvist wins face-off versus Ryan Kesler in Blue Jackets zone.
3:49 of 1st overtime period - Slapshot by François Beauchemin.
3:49 of 1st overtime period - Shot Blocked by Barret Jackman.
4:25 of 1st overtime period - Snap shot by Adam Burish.
4:25 of 1st overtime period - Stopped by Rick DiPietro without a rebound.
4:26 of 1st overtime period - Patric Hornqvist wins face-off versus Alexander Ovechkin in Blue Jackets zone.
4:53 of 1st overtime period - Martin Havlat is hit by Niclas Bergfors and loses puck.
Goals for this period are 0 for Predators vs 0 for Blue Jackets.
Shots for this period are 2 for Predators vs 1 for Blue Jackets.

ShootOut


5:00 of 1st overtime period - Penalty Shot by Alexander Ovechkin for Predators.
5:00 of 1st overtime period - Wrist shot by Alexander Ovechkin.
5:00 of 1st overtime period - Stopped by Rick DiPietro.
5:00 of 1st overtime period - Penalty Shot by Patric Hornqvist for Blue Jackets.
5:00 of 1st overtime period - Backhand shot by Patric Hornqvist.
5:00 of 1st overtime period - Shot Misses the Net.
5:00 of 1st overtime period - Penalty Shot by Niclas Bergfors for Predators.
5:00 of 1st overtime period - Snap shot by Niclas Bergfors.
5:00 of 1st overtime period - Stopped by Rick DiPietro.
5:00 of 1st overtime period - Penalty Shot by Pavel Datsyuk for Blue Jackets.
5:00 of 1st overtime period - Wrist shot by Pavel Datsyuk.
5:00 of 1st overtime period - Stopped by Viktor Fasth.
5:00 of 1st overtime period - Penalty Shot by Ryan Kesler for Predators.
5:00 of 1st overtime period - Wrist shot by Ryan Kesler.
5:00 of 1st overtime period - Stopped by Rick DiPietro.
5:00 of 1st overtime period - Penalty Shot by Martin Havlat for Blue Jackets.
5:00 of 1st overtime period - Deke by Martin Havlat.
5:00 of 1st overtime period - Stopped by Viktor Fasth.
5:00 of 1st overtime period - Penalty Shot by Shane Doan for Predators.
5:00 of 1st overtime period - Snap shot by Shane Doan.
5:00 of 1st overtime period - Goal by Shane Doan.
5:00 of 1st overtime period - Penalty Shot by Marcus Nilson for Blue Jackets.
5:00 of 1st overtime period - Backhand shot by Marcus Nilson.
5:00 of 1st overtime period - Stopped by Viktor Fasth.